 Dungeon Crawl Stone Soup version 0.28.0-53-g5a82cb258f (webtiles) character file.

Game seed: 8671731669058364269

98 doricub5 the Skirmisher (level 4, -3/41 HPs)
             Began as a Minotaur Berserker on July 23, 2022.
             Was a Believer of Trog.
             Slain by Sigmund
             ... wielding a +0 scythe
              (9 damage)
             ... on level 3 of the Dungeon.
             The game lasted 00:09:51 (2312 turns).

doricub5 the Skirmisher (Minotaur Berserker)        Turns: 2312, Time: 00:09:52

Health: -3/41      AC:  6    Str: 24    XL:     4   Next: 44%
Magic:  3/3        EV: 11    Int:  4    God:    Trog [**....]
Gold:   124        SH:  0    Dex:  9    Spells: 3/3 levels left

rFire   . . .      SeeInvis .   a - +0 hand axe
rCold   . . .      Faith    .   (no shield)
rNeg    . . .      Spirit   .   d - +0 ring mail
rPois   .          Reflect  .   (helmet restricted)
rElec   .          Harm     .   b - +0 cloak
rCorr   .          Rampage  .   (no gloves)
Will    .....                   (no boots)
Stlth   ..........              (no amulet)
HPRegen 0.13/turn               (no ring)
MPRegen 0.08/turn               (no ring)

@: no status effects
A: horns 2, retaliatory headbutt
a: Renounce Religion, Berserk, Trog's Hand


You were on level 3 of the Dungeon.
You worshipped Trog.
Trog was pleased with you.
You visited 1 branch of the dungeon, and saw 3 of its levels.

You collected 124 gold pieces.

Inventory:

Hand Weapons
 a - a +0 hand axe (weapon)
Armour
 b - a +0 cloak (worn)
 d - a +0 ring mail (worn)
Jewellery
 f - a ring of fire
 p - a ring of ice
Wands
 e - a wand of flame (24)
 l - a wand of iceblast (8)
Scrolls
 g - 4 scrolls of vulnerability
 h - a scroll of enchant weapon
 j - a scroll of teleportation
 m - a scroll of brand weapon {unknown}
 n - a scroll of immolation {unknown}
Potions
 c - a potion of berserk rage {unknown}
 i - a potion of lignification
 k - a potion of curing {unknown}
 o - a potion of heal wounds {unknown}


   Skills:
 * Level 4.7 Fighting
 + Level 4.1 Axes
 + Level 3.1 Armour
 + Level 3.0 Dodging
 + Level 1.2 Evocations


You had 3 spell levels left.
You didn't know any spells.
Your spell library was empty.

Dungeon Overview and Level Annotations

Branches:
Dungeon (3/15)

Altars:

Annotations:
D:3 Sigmund


Innate Abilities, Weirdness & Mutations

You have a pair of horns on your head.
You reflexively headbutt those who attack you in melee.


Message History

You slash the orc!
You kill the orc!
Trog accepts your kill.
An orc comes into view. It is wielding a +0 short sword.
Something hits you.
The orc shouts!
You hit the orc.
The orc is severely wounded.
The orc hits you with a +0 whip. Something hits you!
You closely miss the orc.
The orc is severely wounded.
The orc barely misses you.
You hit the orc but do no damage.
The orc is severely wounded.
The orc hits you but does no damage. Something hits you.
A ball python comes into view.
The orc hits you with a +0 whip.
You closely miss the orc.
The orc is severely wounded.
The ball python hisses angrily.
Something hits you!
* * * LOW HITPOINT WARNING * * *
The orc closely misses you. You furiously retaliate!
You headbutt the orc.
You kill the orc!
Trog accepts your kill. The orc closely misses you.
Things that are here:
a +0 whip; a +0 club; an orc corpse You miss something.
You hit the orc. Something hits you but does no damage.
The orc barely misses you. You furiously retaliate!
You headbutt the orc, but do no damage. You closely miss something.
Your headbutt misses something. You hit the orc but do no damage.
Something hits you but does no damage. The orc hits you with a +0 short sword.
* * * LOW HITPOINT WARNING * * *
You miss something. Your headbutt misses something. You hit the orc.
The orc hits you with a +0 short sword.
* * * LOW HITPOINT WARNING * * *
Something hits you!
You die...

...........#
...........#
...........# ...
...........# ...
...........# #.#
...<.......# #.#
.......†...###.###
........S........
.......{@..###†########
.......o....†...>.....#
...........####.#####.#
...........# #.#...#.#
####.#.##### #.#.#.#.#
#.#. #.#.#.#.# #...
#.#.....# #..
#.###.##### #..
#..........


You could see an orc and a ball python.

Vanquished Creatures
  Jessica (D:2)
  An adder (D:2)
  3 worms (D:2)
  A dart slug (D:1)
  2 orcs (D:3)
  7 ball pythons
  3 bats
  2 endoplasms (D:1)
  5 hobgoblins
  4 jackals (D:3)
  6 kobolds
  8 frilled lizards
  6 goblins
  3 rats
52 creatures vanquished.

Notes
Turn   | Place    | Note
-------+----------+-------------------------------------------
     0 | D:1      | doricub5 the Minotaur Berserker began the quest for the
                  | Orb.
     0 | D:1      | Reached XP level 1. HP: 19/19 MP: 0/0
   256 | D:1      | Reached XP level 2. HP: 17/27 MP: 1/1
   921 | D:1      | You fall into a shaft and drop 1 floor!
   924 | D:2      | Noticed Jessica
   940 | D:2      | Killed Jessica
   941 | D:2      | Reached skill level 1 in Evocations
   941 | D:2      | Reached XP level 3. HP: 4/34 MP: 2/2
  1315 | D:2      | Found a faded altar of an unknown god.
  1566 | D:1      | Reached XP level 4. HP: 41/41 MP: 3/3
  1617 | D:2      | Reached ** piety under Trog
  2293 | D:3      | Noticed Sigmund
  2312 | D:3      | Slain by Sigmund

Illustrated notes

Levels and vault maps discovered:
D:1:      minmay_arrival_five_plusses, layout_basic
D:2:      layout_basic, hellmonk_ecumenical_altar_pennies_from_heaven,
          uniq_jessica
D:3:      layout_basic, mainiacjoe_overflow_surrounded_room, serial_shops,
          nicolae_shop_bloodbath_and_beyond, lightli_corner_chamber,
          uniq_sigmund, uniq_grinder

Skill      XL: |  1  2  3  4 |
---------------+-------------+-----
Fighting       | 4 |  4.7
Axes           | 4 |  4.1
Evocations     | 1 |  1.2
Armour         | 3 |  3.1
Dodging        | 3 |  3.0

Action                   |  1- 3 |  4- 6 || total
-------------------------+-------+-------++-------
Melee: Hand axe          |    61 |    36 ||    97
       Headbutt          |     4 |     4 ||     8
Invok: Berserk           |     1 |       ||     1
  Use: Scroll            |       |     4 ||     4
Armor: Animal skin       |     7 |       ||     7
       Ring mail         |    13 |     6 ||    19
Dodge: Dodged            |    42 |    20 ||    62
